 Dungeon Crawl Stone Soup version 0.17.1-1-g73c8601 (webtiles) character file.

2269 PossumBlood the Carver (level 9, -6/70 HPs)
             Began as a Minotaur Fighter on Dec 22, 2015.
             Was a Follower of Okawaru.
             Killed by divine providence
             ... invoked by an orc priest
              (14 damage)
             ... on level 7 of the Dungeon.
             The game lasted 00:18:31 (4643 turns).

PossumBlood the Carver (Minotaur Fighter)           Turns: 4643, Time: 00:18:31

Health: -6/70      AC: 14    Str: 29    XL:     9   Next: 16%
Magic:  8/8        EV:  6    Int:  5    God:    Okawaru [*.....]
Gold:   92         SH: 10    Dex: 14    Spells: 0 memorised, 8 levels left

rFire  . . .     SeeInvis +     a - +0 long sword
rCold  . . .     Clarity  .     C - +3 chain mail
rNeg   . . .     SustAt   .     c - +0 shield
rPois  .         Gourm    .     (helmet restricted)
rElec  .         Spirit   .     (no cloak)
rCorr  .         Warding  .     (no gloves)
rMut   .         Stasis   .     o - +1 pair of boots
MR     .....                    (no amulet)
Stlth  ..........               k - ring of see invisible
                                m - +4 ring of dexterity

@: mighty, not resistant to hostile enchantments, extremely unstealthy
A: retaliatory headbutt, horns 2
a: Heroism, Renounce Religion


You were on level 7 of the Dungeon.
You worshipped Okawaru.
Okawaru was aware of your devotion.
You were not hungry.

You visited 2 branches of the dungeon, and saw 8 of its levels.
You also visited: Sewer.

You collected 344 gold pieces.
You spent 252 gold pieces at shops.

Inventory:

Hand Weapons
 a - a +0 long sword (weapon)
Armour
 b - a +0 scale mail
 c - a +0 shield (worn)
 o - a +1 pair of boots (worn)
 C - a +3 chain mail (worn)
Jewellery
 k - a ring of see invisible (right hand)
 m - a +4 ring of dexterity (left hand)
 v - an uncursed ring of flight
Wands
 r - a wand of slowing (20)
Scrolls
 f - 3 scrolls of remove curse
 l - a scroll of magic mapping
 p - a scroll of fog
 s - 3 scrolls of teleportation
 B - a scroll of enchant armour
Potions
 h - a potion of berserk rage
 i - a potion of haste
 n - 2 potions of invisibility
 u - 2 potions of brilliance
 w - a potion of agility
 x - 3 potions of flight
 A - a potion of cancellation
 F - a potion of might
Comestibles
 e - 2 bread rations
 t - a meat ration


   Skills:
 - Level 3.6 Fighting
 * Level 14.0 Long Blades
 - Level 3.6 Armour
 - Level 3.6 Shields


You had 8 spell levels left.
You didn't know any spells.

Dungeon Overview and Level Annotations

Branches:
Dungeon (7/15)             Temple (1/1) D:5

Altars:
Ashenzari
Cheibriados
Dithmenos
Fedhas
Gozag
Kikubaaqudgha
Makhleb
Nemelex Xobeh
Okawaru
Qazlal
Ru
Sif Muna
Trog
Vehumet
Xom
Zin
The Shining One

Shops:
D:6 !


Innate Abilities, Weirdness & Mutations

You reflexively headbutt those who attack you in melee.
You have a pair of horns on your head.


Message History

a halberd; a chain mail; a worker ant corpse You closely miss the orc.
The orc priest invokes the aid of Beogh against you.
Something smites you!
* * * LOW HITPOINT WARNING * * *
Your shield and chain mail prevent you from hitting the orc.
Your headbutt misses the orc. You block the orc's attack.
The orc priest hits you but does no damage.
You slice the orc!!
You kill the orc!
Okawaru accepts your kill. The orc priest barely misses you.
You block the orc's attack.
Things that are here:
a trident; a leather armour You hit the orc priest.
The orc priest is moderately wounded.
The orc priest mumbles some strange prayers to Beogh against you.
Something smites you!
You die...

##### ### .... ..# #
#.$# #.####
###.####..####....####
##.. ........
......... .....##.#..#
#)...# #.......####.#
#......oo@)..#
#....#..#########
#.......# # ##..###
.... .###. . #


You could see an orc priest and an orc.

Vanquished Creatures
  The ghost of AlfredTheGreat the Skirmisher, an amateur DrBe of Trog (D:4)
  Eustachio (D:4)
  Edmund (D:4)
  2 orc warriors
  A black bear (D:6)
  3 ogres
  A big kobold (Sewer)
  Blork the orc (D:4)
  A wyvern skeleton (D:6)
  4 wights (D:6)
  A hound (D:5)
  A crimson imp (D:4)
  2 giant frog zombies
  A giant frog skeleton (D:5)
  3 iguanas
  4 orc wizards
  4 orc priests
  4 worker ants
  12 adders
  4 gnolls
  2 river rats (Sewer)
  A shadow imp (D:6)
  2 oozes
  3 worms
  25 orcs
  6 giant cockroaches
  9 hobgoblins
  17 jackals
  19 kobolds
  A quokka (D:2)
  2 ball pythons (D:4)
  A ball python skeleton (D:4)
  4 bats
  3 giant geckos
  6 giant newts
  7 goblins
  A quokka zombie (D:5)
  7 rats
  2 fungi (D:1)
170 creatures vanquished.

Notes
Turn   | Place    | Note
--------------------------------------------------------------
     0 | D:1      | PossumBlood the Minotaur Fighter began the quest for the Orb.
     0 | D:1      | Reached XP level 1. HP: 19/19 MP: 0/0
   184 | D:1      | Reached XP level 2. HP: 21/26 MP: 1/1
   471 | D:1      | Found a shimmering altar of Xom.
   612 | D:2      | Found a radiant altar of Vehumet.
   634 | D:2      | Reached skill level 4 in Long Blades
   656 | D:2      | Reached XP level 3. HP: 31/31 MP: 2/2
   673 | D:2      | HP: 1/31 [poisoned by an adder]
   928 | D:2      | Reached skill level 5 in Long Blades
   984 | D:2      | Reached XP level 4. HP: 39/39 MP: 3/3
  1147 | D:2      | Found a blossoming altar of Fedhas.
  1148 | D:2      | Found a burning altar of Makhleb.
  1273 | D:2      | Reached skill level 6 in Long Blades
  1447 | D:2      | Reached XP level 5. HP: 43/45 MP: 4/4
  1464 | D:2      | Found a snail-covered altar of Cheibriados.
  1710 | D:3      | Reached skill level 7 in Long Blades
  1948 | D:3      | Found a glowing drain.
  1954 | Sewer    | Entered a sewer
  2027 | Sewer    | Reached XP level 6. HP: 49/51 MP: 5/5
  2056 | Sewer    | Found a white marble altar of Elyvilon.
  2371 | D:4      | Reached skill level 8 in Long Blades
  2390 | D:4      | Noticed Edmund
  2396 | D:4      | Killed Edmund
  2396 | D:4      | Reached skill level 9 in Long Blades
  2432 | D:4      | Noticed AlfredTheGreat's ghost (amateur DrBe)
  2434 | D:4      | Noticed Blork the orc
  2439 | D:4      | Killed AlfredTheGreat's ghost
  2439 | D:4      | Reached skill level 10 in Long Blades
  2439 | D:4      | Reached XP level 7. HP: 46/57 MP: 6/6
  2446 | D:4      | Killed Blork the orc
  2848 | D:4      | Noticed Eustachio
  2901 | D:4      | Killed Eustachio
  2901 | D:4      | Reached skill level 11 in Long Blades
  2901 | D:4      | Reached XP level 8. HP: 19/64 MP: 7/7
  3336 | D:5      | Entered Level 5 of the Dungeon
  3405 | D:5      | Reached skill level 12 in Long Blades
  3842 | D:5      | Found a staircase to the Ecumenical Temple.
  3877 | Temple   | Entered the Ecumenical Temple
  4033 | Temple   | Became a worshipper of Warmaster Okawaru
  4275 | D:6      | Reached skill level 13 in Long Blades
  4311 | D:6      | Found Vuatsee's Distillery.
  4316 | D:6      | Bought 2 potions of heal wounds for 140 gold pieces
  4316 | D:6      | Bought 2 potions of might for 112 gold pieces
  4379 | D:6      | Reached * piety under Okawaru
  4385 | D:6      | Reached XP level 9. HP: 70/70 MP: 8/8
  4636 | D:7      | Reached skill level 14 in Long Blades
  4643 | D:7      | Killed from afar by an orc priest

Action                   |  1- 3 |  4- 6 |  7- 9 || total
-------------------------+-------+-------+-------++-------
Melee: Long sword        |   130 |   187 |   237 ||   554
  Use: Potion            |     1 |     1 |     6 ||     8
       Scroll            |       |     8 |    10 ||    18
  Eat: Beef jerky        |     1 |       |       ||     1
       Fruit             |       |     4 |       ||     4
       Bread ration      |       |     1 |     1 ||     2
